 Dungeon Crawl Stone Soup version 0.26.0-10-g1f06aea511 (webtiles) character file.

Game seed: 6373132107850740551

189676 septik the Executioner (level 17, -3/160 HPs)
             Began as a Minotaur Berserker on Jan 29, 2021.
             Was the Champion of Trog.
             Blown up by an orb spider (47 damage)
             ... with an orb of destruction
             ... on level 4 of the Spider Nest.
             The game lasted 01:14:22 (35413 turns).

septik the Executioner (Minotaur Berserker)        Turns: 35413, Time: 01:14:23

Health: -3/160     AC: 29    Str: 30    XL:     17   Next: 95%
Magic:  16/16      EV: 16    Int:  7    God:    Trog [******]
Gold:   3154       SH:  0    Dex: 13    Spells: 16/16 levels left

rFire    . . .     SeeInvis .   a - +9 executioner's axe (freeze)
rCold    . . .     Faith    +   (shield currently unavailable)
rNeg     . . .     Spirit   .   W - +0 plate armour
rPois    .         Reflect  .   J - +1 hat
rElec    .         Harm     .   F - +1 cloak {rCorr}
rCorr    +         Rampage  .   I - +0 pair of gloves
Will     ++...                  (no boots)
Stlth    ..........             L - amulet of faith
HPRegen  0.36/turn              V - ring of Enymevu {Will+ Int+3 Dex+4 Stlth-}
MPRegen  0.15/turn              u - +4 ring of protection

@: berserk cooldown, slowed, very slow
A: retaliatory headbutt, hooves 1, horns 2, iridescent scales 1
a: Renounce Religion, Berserk, Trog's Hand, Brothers in Arms


You were on level 4 of the Spider Nest.
You worshipped Trog.
Trog was exalted by your worship.
You visited 4 branches of the dungeon, and saw 27 of its levels.

You collected 3199 gold pieces.
You spent 45 gold pieces at shops.

Inventory:

Hand Weapons
 a - a +9 executioner's axe of freezing (weapon)
 b - a +6 battleaxe of flaming
 A - the +5 war axe of Sudden Death {antimagic, rElec Will+ Int+2}
   (Trog gifted it to you on level 1 of the Spider Nest)

   It reduces the magical energy of the wielder, and disrupts the spells and
   magical abilities of those hit.
   Natural abilities and divine invocations are not affected.
   It affects your intelligence (+2).
   It insulates you from electricity.
   It affects your willpower, your defense against some magical effects.
 S - a +4 executioner's axe
Armour
 v - +0 ice dragon scales
 F - a +1 cloak of preservation (worn)
 I - a +0 pair of gloves (worn)
 J - a +1 hat (worn)
 W - a +0 plate armour (worn)
Jewellery
 u - a +4 ring of protection (right hand)
 D - an uncursed ring of stealth
 E - an uncursed ring of poison resistance
 H - a +6 ring of strength
 K - a cursed -4 ring of dexterity
 L - an amulet of faith (around neck)
 O - an uncursed ring of ice
 Q - the ring of Vycser {Str+2 SInv}
   (You acquired it on level 14 of the Dungeon)

   [ring of see invisible]

   It affects your strength (+2).
   It lets you see invisible.
 V - the ring of Enymevu (left hand) {Will+ Int+3 Dex+4 Stlth-}
   (You acquired it on level 14 of the Dungeon)

   [ring of willpower]

   It affects your intelligence (+3).
   It affects your dexterity (+4).
   It affects your willpower, your defense against some magical effects.
   It makes you less stealthy.
 X - an uncursed ring of protection from fire
Wands
 c - a wand of enslavement (13)
 o - a wand of acid (9)
 t - a wand of polymorph (14)
 x - a wand of flame (81)
 y - a wand of disintegration (61)
 C - a wand of iceblast (44)
Scrolls
 d - 8 scrolls of teleportation
 e - 10 scrolls of identify
 f - 14 scrolls of remove curse
 i - 3 scrolls of blinking
 j - a scroll of summoning {unknown}
 m - 4 scrolls of immolation
 r - 11 scrolls of magic mapping
 s - 2 scrolls of fog
 M - 3 scrolls of enchant weapon
 T - 3 scrolls of enchant armour
 Z - a scroll of brand weapon
Potions
 g - 2 potions of brilliance
 h - 4 potions of heal wounds
 k - a potion of might
 l - 5 potions of flight
 n - 3 potions of magic
 p - a potion of resistance
 w - 2 potions of berserk rage
 z - 13 potions of ambrosia
 B - 2 potions of haste
 G - a potion of invisibility
 N - 3 potions of attraction
 R - 9 potions of curing
 Y - a potion of lignification
Miscellaneous
 q - a lightning rod (4/4)
 P - a phantom mirror
 U - a condenser vane


   Skills:
 + Level 16.6 Fighting
 * Level 22.0 Axes
 + Level 16.5 Armour
 + Level 15.3 Dodging


You had 16 spell levels left.
You didn't know any spells.
Your spell library contained the following spells:

 Spells                   Type           Power        Failure   Level
 Sandblast                Erth           0%           93%         1
 Passwall                 Tmut/Erth      0%           98%         2
 Gell's Gravitas          Tloc           0%           100%        3
 Portal Projectile        Hex/Tloc       0%           100%        3
 Stone Arrow              Conj/Erth      0%           100%        3
 Petrify                  Tmut/Erth      0%           100%        4
 Lee's Rapid Deconstruct  Erth           0%           100%        5
 Dispersal                Tloc           0%           100%        6
 Disjunction              Tloc           0%           100%        8


Dungeon Overview and Level Annotations

Branches:
Dungeon (15/15)            Temple (0/1) D:4            Lair (6/6) D:8
  Swamp (0/4) Lair:4       Spider (4/4) Lair:3        Slime (0/5) Lair:5
    Orc (2/2) D:9             Elf (0/3) Orc:2        Vaults (0/5) D:14
 Depths (0/5) D:15

Altars:
Ashenzari
Dithmenos
Fedhas
Hepliaklqana
Nemelex Xobeh
Okawaru
Qazlal
Ru
Sif Muna
Wu Jian
Xom
Yredelemnul
Zin
Beogh
Jiyva

Shops:
D:15 (   Orc:2 [:(*

Portals:
Trove: D:11 (give horn of Geryon)

Annotations:
D:14 2 transporters
Lair:5 exclusion: oklob plant
Lair:6 exclusion: 3 oklob plants


Innate Abilities, Weirdness & Mutations

You reflexively headbutt those who attack you in melee.
You have a pair of horns on your head.
You have large cloven feet.
You are partially covered in iridescent scales. (AC +2)


Message History

A tarantella comes into view.
You feel better.
Your surroundings suddenly seem different.
An orb spider comes into view.
The tarantella moves out of view.
You have identified the last wand.
Found a wand of digging (8) and a scroll of teleportation.
An orb spider comes into view.
Found a scroll of teleportation.
The orb spider begins to weave its threads into a brightly glowing ball.
The orb spider weaves a glowing orb of energy.
Found a leather armour.
An orb of destruction comes into view.
The orb of destruction hits a rock wall.
The orb spider pulsates with a strange energy.
The orb spider begins to weave its threads into a brightly glowing ball.
The orb spider weaves a glowing orb of energy. x2 2 orbs of destruction come into view.
The orb of destruction hits you!!!
You die...

......*,,,,,,,*,^,,,,*********,,,
.....,#........#.#,...##*****,,,,
...^.*#?.........#^.....**,*,^,,,
...####...,......##≈....≈*,,,,,,,
..#...#..###.........≈≈#^*,,,,,,,
^.^...#...s..#..^^....#*^^,,,,,,,
.........s.○°○##[...#,***,,,,,,,,
..#......°°°☼○*...#,**,,,,^,,,,,*
...............○@#,,*,,,,,,,,,,**
............#...##,***,,,,,,,,***
##.........^#....#** **,,,^,,***,
#^#........#^...# ****,*,,,,,
####..^....###.## *,,,,,,,,,
##......# ### **,,,,,^,, ##/..?.#
**,^,,,*,* ###..## **,^,,,****
**** *,,,,,**


You could see 2 orb spiders.

Vanquished Creatures
  Gastronok (Lair:2)
  An orc warlord (Orc:1)
  A ghost moth (Spider:3)
  2 emperor scorpions
  A juggernaut zombie (D:15)
  The ghost of Raspi the Covert, a journeyman OpFi of Gozag (Lair:5)
  The ghost of Ugrugheg the Grappler, a journeyman TrMo of Makhleb (D:15)
  2 stone giants (Orc:2)
  An entropy weaver (Spider:4)
  A spark wasp (Spider:2)
  The ghost of Raspi the Fighter, a journeyman GrFi of Makhleb (Lair:3)
  3 ettins (Orc:2)
  A death ooze (Lair:5)
  3 ogre magi
  Josephine (D:13)
  Erolcha (Orc:1)
  A yaktaur captain (D:14)
  5 boulder beetles
  8 hydras
  The ghost of puimuR the Severer, a novice HOMo of Trog (D:11)
  16 two-headed ogres
  A dancing weapon (D:15)
  4 centaur warriors
  A tengu warrior (D:13)
  A vampire mage (D:15)
  2 death yaks (Lair:3)
  Urug (Orc:2)
  A storm dragon skeleton (D:15)
  2 skeletal warriors (D:15)
  2 unseen horrors
  A bog body (Lair:4)
  A necromancer (D:15)
  2 lindwurms
  An iron dragon zombie (D:15)
  11 orb spiders
  21 wolf spiders
  A deep elf mage (D:13)
  An orc sorcerer (Orc:1)
  11 ugly things
  A fire giant zombie (D:15)
  4 manticores
  A moth of wrath (Spider:1)
  A salamander (shapeshifter) (D:15)
  4 centaur zombies
  10 cyclopes
  10 elephants
  The ghost of p0werm0de the Chopper, a novice DDFi of Cheibriados (D:6)
  Joseph (D:8)
  6 black mambas
  3 torpor snails
  An ice statue (Lair:3)
  12 cane toads
  2 gargoyles
  2 orange demons (D:14)
  4 centaur skeletons
  6 komodo dragons
  6 rime drakes
  2 yaktaurs (D:14)
  13 demonic crawlers
  10 trolls
  A guardian mummy (D:11)
  A red devil (D:14)
  23 jumping spiders
  7 polar bears
  3 meliai (D:13)
  A queen bee (D:11)
  16 blink frogs
  11 slime creatures
  10 hornets
  4 dream sheep (Lair:4)
  Prince Ribbit (D:8)
  3 shadows
  13 spriggans (Lair:6)
  45 redbacks
  4 wyverns
  66 yaks
  10 wraiths
  18 tarantellas
  A vampire (D:13)
  Grum (D:11)
  8 vampire mosquitoes
  5 basilisks
  3 wargs
  2 acid dragons
  14 water moccasins
  2 soldier ants
  A floating eye (D:13)
  7 ice beasts
  29 orc warriors
  4 sky beasts
  3 phantoms
  4 black bears
  13 ogres
  3 eyes of draining (D:12)
  4 boggarts (Lair:6)
  28 wolves
  4 big kobolds
  9 centaurs
  17 bullfrogs
  A wyvern skeleton (D:13)
  7 scorpions
  25 killer bees (D:11)
  12 wights
  2 electric eels (Spider:2)
  6 howler monkeys
  8 hounds
  24 orc priests
  7 jellies
  3 bullfrog skeletons
  A gnoll shaman (D:4)
  28 orc wizards
  4 iguanas
  16 worker ants
  A hell rat (Lair:3)
  2 hound zombies
  A hound skeleton (D:4)
  A worker ant zombie (D:8)
  9 gnolls (D:4)
  21 adders
  A hound simulacrum (D:6)
  A shadow imp (D:6)
  6 white imps
  A worker ant simulacrum (D:6)
  2 ufetubi
  2 oozes
  An adder zombie (D:8)
  2 adder skeletons
  5 worms
  3 dart slugs
  5 leopard geckos
  156 orcs
  2 ball pythons (D:2)
  10 giant cockroaches
  8 goblins
  15 hobgoblins
  11 jackals
  29 kobolds
  4 quokkas
  5 bats
  15 frilled lizards
  A jackal skeleton (D:4)
  A jackal zombie (D:6)
  A leopard gecko simulacrum (D:6)
  4 rats
  A spectral orc (D:2)
1088 creatures vanquished.

Vanquished Creatures (collateral kills)
  2 orange demons (D:14)
  A red devil (D:14)
3 creatures vanquished.

Vanquished Creatures (others)
  2 redbacks
  A tarantella (Spider:1)
  An orc (D:13)
  62 fungi
  73 plants
  10 withered plants (D:15)
149 creatures vanquished.

Grand Total: 1240 creatures vanquished

Notes
Turn   | Place    | Note
-------+----------+-------------------------------------------
     0 | D:1      | septik the Minotaur Berserker began the quest for the Orb.
     0 | D:1      | Reached XP level 1. HP: 19/19 MP: 0/0
    58 | D:1      | Reached XP level 2. HP: 16/27 MP: 1/1
   229 | D:1      | Reached skill level 4 in Axes
   395 | D:1      | Reached ** piety under Trog
   398 | D:1      | Reached XP level 3. HP: 33/33 MP: 2/2
  1389 | D:2      | Reached XP level 4. HP: 36/40 MP: 3/3
  1735 | D:2      | Found a basalt altar of Yredelemnul.
  1981 | D:3      | Reached *** piety under Trog
  2088 | D:3      | Reached skill level 5 in Axes
  2196 | D:3      | Reached XP level 5. HP: 25/47 MP: 4/4
  3213 | D:3      | Found a glowing silver altar of Zin.
  3545 | D:3      | Reached **** piety under Trog
  4134 | D:4      | Reached XP level 6. HP: 50/55 MP: 5/5
  4206 | D:4      | Found a staircase to the Ecumenical Temple.
  4380 | D:4      | Reached skill level 6 in Axes
  4382 | D:4      | Reached skill level 5 in Fighting
  5124 | D:5      | Entered Level 5 of the Dungeon
  5140 | D:5      | Found a broken altar of Ashenzari.
  5140 | D:5      | Found a blossoming altar of Fedhas.
  5169 | D:5      | Noticed a sky beast
  5185 | D:5      | Killed a sky beast
  5483 | D:5      | Reached XP level 7. HP: 44/61 MP: 6/6
  5654 | D:5      | Reached skill level 7 in Axes
  5654 | D:5      | Found an ornate altar of the Wu Jian Council.
  5754 | D:5      | Reached skill level 5 in Armour
  6479 | D:6      | Reached skill level 5 in Dodging
  6479 | D:6      | Reached XP level 8. HP: 65/70 MP: 7/7
  6484 | D:6      | Reached skill level 8 in Axes
  6553 | D:6      | Noticed p0werm0de's ghost (novice DDFi)
  6731 | D:6      | Found an iron altar of Okawaru.
  6783 | D:6      | Found a runed translucent gate.
  6783 | D:6      | Found a runed translucent gate.
  6783 | D:6      | Found a runed translucent gate.
  6787 | D:6      | Reached ***** piety under Trog
  7003 | D:6      | Found a shadowy altar of Dithmenos.
  7320 | D:6      | Killed p0werm0de's ghost
  7321 | D:6      | Reached skill level 9 in Axes
  7505 | D:7      | Reached XP level 9. HP: 72/79 MP: 8/8
  7835 | D:7      | Found a sacrificial altar of Ru.
  7847 | D:7      | Found a hazy altar of Hepliaklqana.
  7999 | D:7      | Found a shadowy altar of Dithmenos.
  8234 | D:8      | Reached skill level 10 in Axes
  8252 | D:8      | Received a gift from Trog
  8578 | D:8      | Found a staircase to the Lair.
  8669 | D:8      | Noticed Joseph
  8678 | D:8      | Killed Joseph
  9003 | D:8      | Reached skill level 11 in Axes
  9046 | D:8      | Found a stormy altar of Qazlal.
  9149 | D:8      | Noticed Prince Ribbit
  9229 | D:8      | Killed Prince Ribbit
  9323 | D:9      | Reached XP level 10. HP: 90/90 MP: 9/9
  9557 | D:9      | Found a staircase to the Orcish Mines.
  9846 | D:9      | Found a shimmering blue altar of Sif Muna.
 10041 | D:9      | Received a gift from Trog
 10355 | D:10     | Entered Level 10 of the Dungeon
 10443 | D:10     | Reached skill level 12 in Axes
 11115 | D:11     | Noticed a manticore
 11120 | D:11     | Killed a manticore
 11258 | D:11     | Noticed a two-headed ogre
 11263 | D:11     | Killed a two-headed ogre
 11343 | D:11     | Noticed Grum
 11357 | D:11     | Killed Grum
 11359 | D:11     | Reached XP level 11. HP: 85/99 MP: 10/10
 11370 | D:11     | Reached ****** piety under Trog
 11454 | D:11     | Noticed a cyan ugly thing
 11484 | D:11     | Killed a cyan ugly thing
 11485 | D:11     | Reached skill level 13 in Axes
 11495 | D:11     | Reached skill level 10 in Fighting
 11903 | D:11     | Noticed a seven-headed hydra
 11909 | D:11     | Killed a four-headed hydra
 11916 | D:11     | Received a gift from Trog
 11946 | D:11     | Identified a scroll of acquirement
 11946 | D:11     | Acquired a +1 vorpal executioner's axe
 12025 | D:11     | Reached skill level 10 in Armour
 12535 | D:11     | Found a portal to a secret trove of treasure.
 12665 | D:11     | Found a runed translucent gate.
 12666 | D:11     | Found a runed translucent gate.
 12666 | D:11     | Found a runed translucent gate.
 12668 | D:11     | Noticed puimuR's ghost (novice HOMo)
 12789 | D:11     | Noticed a cyan ugly thing
 12795 | D:11     | Killed a cyan ugly thing
 13267 | D:11     | Reached skill level 14 in Axes
 13268 | D:11     | Killed puimuR's ghost
 13278 | D:11     | Gained mutation: Your natural rate of healing is unusually
                  | fast. [potion of mutation]
 13278 | D:11     | Gained mutation: Your magical capacity is low. (-10% MP)
                  | [potion of mutation]
 13278 | D:11     | Lost mutation: Your magical capacity is low. (-10% MP)
                  | [potion of mutation]
 13279 | D:11     | Lost mutation: Your natural rate of healing is unusually
                  | fast. [potion of mutation]
 13279 | D:11     | Gained mutation: You are weak. (Str -2) [potion of
                  | mutation]
 13279 | D:11     | Gained mutation: Armour fits poorly on your strangely
                  | shaped body. [potion of mutation]
 13279 | D:11     | Gained mutation: You expend magic power (3 MP) to
                  | strengthen your wands. [potion of mutation]
 13279 | D:11     | Gained mutation: You are partially covered in large bone
                  | plates. (SH +4) [potion of mutation]
 13280 | D:11     | Lost mutation: You are weak. (Str -2) [potion of mutation]
 13280 | D:11     | Lost mutation: Armour fits poorly on your strangely shaped
                  | body. [potion of mutation]
 13280 | D:11     | Lost mutation: You expend magic power (3 MP) to strengthen
                  | your wands. [potion of mutation]
 13280 | D:11     | Lost mutation: You are partially covered in large bone
                  | plates. (SH +4) [potion of mutation]
 13280 | D:11     | Gained mutation: You are partially covered in iridescent
                  | scales. (AC +2) [potion of mutation]
 13280 | D:11     | Gained mutation: You have large cloven feet. [potion of
                  | mutation]
 14210 | D:12     | Paralysed by a hornet for 1 turns
 14614 | D:12     | Noticed a boulder beetle
 14621 | D:12     | Reached XP level 12. HP: 110/110 MP: 11/11
 14621 | D:12     | Killed a boulder beetle
 14622 | D:12     | Reached skill level 10 in Dodging
 15294 | D:13     | Received a gift from Trog
 15390 | D:13     | Reached skill level 15 in Axes
 15840 | D:13     | Noticed a two-headed ogre
 15842 | D:13     | Noticed a boulder beetle
 15845 | D:13     | Killed a two-headed ogre
 15851 | D:13     | Killed a boulder beetle
 15860 | D:13     | Noticed a tengu warrior
 16271 | D:13     | Noticed a centaur warrior
 16272 | D:13     | Noticed a centaur warrior
 16278 | D:13     | Killed a centaur warrior
 16278 | D:13     | Identified the +8 plate armour of Degef {Str+3}
 16280 | D:13     | Killed a centaur warrior
 16373 | D:13     | Killed a tengu warrior
 16588 | D:13     | Noticed Josephine
 16594 | D:13     | Killed Josephine
 16595 | D:13     | Reached skill level 16 in Axes
 16823 | D:13     | Noticed a two-headed ogre
 16832 | D:13     | Received a gift from Trog
 16833 | D:13     | Killed a two-headed ogre
 16834 | D:13     | Reached XP level 13. HP: 118/118 MP: 12/12
 17037 | D:14     | Found a transporter.
 17038 | D:14     | Found a gate to the Vaults.
 17322 | D:14     | Found a transporter.
 17668 | D:14     | Acquired the ring of Enymevu {Will+ Int+3 Dex+4 Stlth-}
 17670 | D:14     | Acquired the ring of Vycser {Str+2 SInv}
 18135 | D:15     | Entered Level 15 of the Dungeon
 18393 | D:15     | Reached skill level 17 in Axes
 18899 | D:15     | Received a gift from Trog
 19193 | D:15     | Reached XP level 14. HP: 86/129 MP: 13/13
 19504 | D:15     | Found a staircase to the Depths.
 19535 | D:15     | Reached skill level 18 in Axes
 20405 | D:15     | Found a runed translucent door.
 20407 | D:15     | Found a shimmering altar of Xom.
 20407 | D:15     | Noticed Ugrugheg's ghost (journeyman TrMo)
 20428 | D:15     | Killed Ugrugheg's ghost
 20622 | D:15     | Found Boster's Antique Weapon Boutique.
 20645 | D:15     | Found a sparkling altar of Nemelex Xobeh.
 21170 | Lair:1   | Entered Level 1 of the Lair of Beasts
 22068 | Lair:2   | Noticed Gastronok
 22083 | Lair:2   | Killed Gastronok
 22484 | Lair:2   | Reached skill level 19 in Axes
 22757 | Lair:2   | Reached XP level 15. HP: 139/139 MP: 14/14
 22757 | Lair:2   | Received a gift from Trog
 23273 | Lair:3   | Noticed Raspi's ghost (journeyman GrFi)
 23495 | Lair:3   | Found a transporter.
 23506 | Lair:3   | Found a transporter.
 23522 | Lair:3   | Found a hole to the Spider Nest.
 24213 | Lair:3   | Killed Raspi's ghost
 24213 | Lair:3   | Received a gift from Trog
 24519 | Lair:4   | Found a staircase to the Swamp.
 25773 | Lair:5   | Reached skill level 15 in Fighting
 26139 | Lair:5   | Found a runed translucent gate.
 26139 | Lair:5   | Found a runed translucent gate.
 26191 | Lair:5   | Found a runed translucent gate.
 26193 | Lair:5   | Noticed Raspi's ghost (journeyman OpFi)
 26195 | Lair:5   | Found a viscous altar of Jiyva.
 26317 | Lair:5   | Reached skill level 20 in Axes
 26319 | Lair:5   | Received a gift from Trog
 26334 | Lair:5   | Killed Raspi's ghost
 26389 | Lair:5   | Reached skill level 15 in Armour
 26389 | Lair:5   | Reached XP level 16. HP: 149/149 MP: 15/15
 26551 | Lair:5   | Found a staircase to the Slime Pits.
 26559 | Lair:5   | Found a viscous altar of Jiyva.
 26683 | Lair:6   | Entered Level 6 of the Lair of Beasts
 26986 | Lair:6   | Received a gift from Trog
 27007 | Lair:6   | Got a fine morningstar
 27008 | Lair:6   | Identified the +4 morningstar of Vodka {antimagic, rC+}
                  | (You found it on level 6 of the Lair of Beasts)
 28334 | Orc:1    | Entered Level 1 of the Orcish Mines
 28396 | Orc:2    | Entered Level 2 of the Orcish Mines
 28440 | Orc:1    | Noticed Erolcha
 28448 | Orc:1    | Killed Erolcha
 28472 | Orc:1    | Reached XP level 17. HP: 157/157 MP: 16/16
 28481 | Orc:1    | Found a roughly hewn altar of Beogh.
 28727 | Orc:1    | Received a gift from Trog
 29172 | Orc:2    | Found a staircase to the Elven Halls.
 29172 | Orc:2    | Noticed Urug
 29183 | Orc:2    | Killed Urug
 29355 | Orc:2    | Found Miryis's Antique Armour Shoppe.
 29491 | Orc:2    | Reached skill level 21 in Axes
 29492 | Orc:2    | Found Jonyme's General Store.
 29497 | Orc:2    | Found Zuoffem's Book Boutique.
 29759 | Orc:2    | Bought a potion of curing for 45 gold pieces
 29802 | Orc:2    | Found Ponkur's Antique Weapon Shop.
 30284 | Orc:2    | Found a roughly hewn altar of Beogh.
 30468 | Spider:1 | Entered Level 1 of the Spider Nest
 30482 | Spider:1 | Received a gift from Trog
 30490 | Spider:1 | Got an iridescent war axe {god gift}
 30520 | Lair:3   | Identified the +5 war axe of Sudden Death {antimagic, rElec
                  | Will+ Int+2} (Trog gifted it to you on level 1 of the
                  | Spider Nest)
 32704 | Spider:2 | Received a gift from Trog
 33165 | Spider:2 | Reached skill level 15 in Dodging
 34943 | Spider:4 | Entered Level 4 of the Spider Nest
 35361 | Spider:4 | Received a gift from Trog
 35372 | Spider:4 | Reached skill level 22 in Axes
 35388 | Spider:4 | HP: 9/240 [emperor scorpion (19)]
 35397 | Spider:4 | HP: 3/160 [demonic crawler (6)]
 35413 | Spider:4 | Blown up by an orb spider

Illustrated notes

Levels and vault maps discovered:
D:1:      psy_arrival_spokes, layout_basic, minmay_lizard_king
D:2:      layout_basic, yredelemnul_forgotten_temple_becter, minmay_diced_spiral
D:3:      layout_basic, tgw_xom, marbit_many_paths
D:4:      layout_layer_cave, minmay_temple_entry_overgrown
D:5:      layout_basic, overflow_temple_1_default,
          chequers_temple_overflow_statue_of_worship
D:6:      layout_basic, nicolae_overflow_hidden_temple, gammafunk_ghost_icy,
          amethyst_killhole, chequers_mini_garden, grunt_dithmenos_shadows
D:7:      layout_loops_ring, nzn_hepliaklqana_mist_gate,
          overflow_temple_1_default, kennysheep_mini_moat
D:8:      layout_loops_ring, lemuel_doored_altar,
          grunt_lair_entry_orc_guard_hut, uniq_prince_ribbit1, uniq_joseph
D:9:      layout_cave_pods, led_sif_pool, kennysheep_vampire_church,
          hiddenorc2_lemuel, special_room [special_room_orc]
D:10:     layout_layer_cave, serial_glass, glass_columns_a, glass_columns_c,
          item_on_display_a, due_unseen_surprise, minmay_strange_pillars,
          item_on_display_a
D:11:     layout_roguey [special_room_bee], nicolae_trove_entry_path_of_doom,
          gammafunk_ghost_spectres, minmay_parallelograms, uniq_grum
D:12:     layout_layer_cave
D:13:     layout_basic, onia_ninara_cookie, uniq_josephine
D:14:     gammafunk_worm_tunnel, layout_irregular_city, david_vaults_2,
          minmay_misc_feat_chi, roderic_roman_lattice,
          minmay_beelzebubs_servants
D:15:     gammafunk_depths_entry_grave, layout_loops_cross, serial_shops,
          shop_coins, ebering_ghost_xom, nemelex_xobeh_ov_fountains_minmay
Lair:1:   layout_small_grid, chequers_serial_rivers_micro_e
Lair:2:   minmay_lair_venomous_thicket, layout_regular_city,
          infiniplex_staircase_pool, uniq_gastronok
Lair:3:   layout_chaotic_city, nicolae_spider_entry_non_spiders, serial_rivers,
          chequers_serial_rivers_large_a, chequers_serial_rivers_micro_a,
          chequers_serial_rivers_room_a, chequers_serial_rivers_micro_b,
          nzn_ghost_randoct, st_stairs_6
Lair:4:   layout_small_grid, skrybe_swamp_entry_bodies
Lair:5:   layout_loops_ring, slime_altar_1, gammafunk_ghost_ooze,
          lemuel_fruit_fields
Lair:6:   minmay_lair_end_enchanted_forest, layout_cave_shapes, minivault_26,
          minmay_lair_oklob_chamber
Spider:1: layout_spider_delve, special_room, drop_trap,
          einodemon_crawler_minivault
Spider:2: layout_spider_delve
Spider:3: layout_spider_delve
Spider:4: grunt_spider_rune_circles, portal_ice_cave_entry_frozen_things
Orc:1:    layout_caves, basic_altar, nicolae_orc_lava_tube, uniq_erolcha
Orc:2:    grunt_orc_gardens, layout_diamond_mine, grunt_orc_garden,
          grunt_orc_garden, grunt_orc_garden, grunt_orc_garden,
          lemuel_statue_altar, uniq_urug

Skill      XL: |  1  2  3  4  5  6  7  8  9 10 11 12 13 14 15 16 17 |
---------------+----------------------------------------------------+-----
Axes           | 4 5 6 7 9 11 12 14 16 17 19 20 22 | 22.0
Fighting       | 4 5 6 7 8 9 11 12 13 14 15 16 | 16.6
Armour         | 3 4 5 6 8 9 10 11 13 14 15 16 | 16.5
Dodging        | 3 4 5 6 7 8 9 11 12 13 14 15 | 15.3

Action                   |  1- 3 |  4- 6 |  7- 9 | 10-12 | 13-15 | 16-18 || total
-------------------------+-------+-------+-------+-------+-------+-------++-------
Melee: Hand axe          |    89 |   189 |    43 |       |       |       ||   321
       Headbutt          |    15 |    33 |    45 |    84 |   151 |   101 ||   429
       War axe           |       |       |   171 |       |       |       ||   171
       Battleaxe         |       |       |    57 |   215 |    46 |       ||   318
       Executioner's axe |       |       |       |   302 |   519 |   465 ||  1286
       Kick              |       |       |       |    61 |   236 |   154 ||   451
Invok: Berserk           |     1 |     3 |     4 |    16 |    13 |    14 ||    51
       Trog's Hand       |       |       |     1 |     1 |     3 |       ||     5
       Brothers in Arms  |       |       |       |       |     1 |       ||     1
Evoke: Wand              |       |       |       |     2 |       |       ||     2
  Use: Scroll            |       |       |     9 |    15 |    22 |     4 ||    50
       Potion            |       |       |       |     7 |     1 |     6 ||    14
Armor: Animal skin       |     2 |       |       |       |       |       ||     2
       Plate armour      |    56 |   111 |    32 |       |       |   428 ||   627
       Ice dragon scales |       |       |    90 |   336 |   239 |       ||   665
Dodge: Dodged            |    39 |    72 |   145 |   434 |   478 |   593 ||  1761
